 Dungeon Crawl Stone Soup version 0.27-a0-1291-geefcff550b (webtiles) character file.

Game seed: 1353272450808240987

7 avis the Chopper (level 2, 0/27 HPs)
             Began as a Hill Orc Monk on June 16, 2021.
             Succumbed to a goblin's poison
             ... on level 1 of the Dungeon.
             The game lasted 00:01:02 (156 turns).

avis the Chopper (Hill Orc Monk)                     Turns: 156, Time: 00:01:02

Health: 0/27       AC:  2    Str: 13    XL:     2   Next: 0%
Magic:  2/2        EV: 12    Int: 10    God:
Gold:   14         SH:  0    Dex: 13    Spells: 1/1 levels left

rFire    . . .     SeeInvis .   a - +0 hand axe
rCold    . . .     Faith    .   (no shield)
rNeg     . . .     Spirit   .   b - +0 robe
rPois    .         Reflect  .   (no helmet)
rElec    .         Harm     .   (no cloak)
rCorr    .         Rampage  .   (no gloves)
Will     .....                  (no boots)
Stlth    ++........             (no amulet)
HPRegen  0.09/turn              (no ring)
MPRegen  0.08/turn              (no ring)

@: lethally poisoned (0 -> -3)
A: no striking features
a: no special abilities


You were on level 1 of the Dungeon.
You visited 1 branch of the dungeon, and saw 1 of its levels.

You collected 14 gold pieces.

Inventory:

Hand Weapons
 a - a +0 hand axe (weapon)
 c - a +2 dagger of venom
Armour
 b - a +0 robe (worn)


   Skills:
 + Level 3.8 Fighting
 + Level 4.2 Axes
 + Level 2.5 Dodging
 + Level 1.6 Stealth


You had one spell level left.
You didn't know any spells.
Your spell library was empty.

Dungeon Overview and Level Annotations

Branches:
Dungeon (1/15)

Altars:


Message History

The goblin closely misses you.
You see here a frilled lizard corpse.
You hit the goblin.
The goblin is severely wounded.
The goblin hits you with a +2 dagger of venom.
You are poisoned.
You closely miss the goblin.
The goblin is severely wounded.
You feel very sick. The goblin closely misses you.
You closely miss the goblin.
The goblin is heavily wounded.
You feel sick.
The goblin hits you with a +2 dagger of venom.
You are lethally poisoned!
You hit the goblin.
You kill the goblin!
You feel very sick.
You have reached level 2!
* * * LOW HITPOINT WARNING * * *
You feel sick.
You see here a +0 club.
You aren't carrying any potions.
* * * LOW HITPOINT WARNING * * *
You feel sick.
You see here a frilled lizard corpse.
* * * LOW HITPOINT WARNING * * *
You feel sick.
Found a robe.
Things that are here:
a +2 dagger of venom; a goblin corpse
c - a +2 dagger of venom
* * * LOW HITPOINT WARNING * * *
You feel sick.
There is a lethal amount of poison in your body!
* * * LOW HITPOINT WARNING * * *
You feel sick.
* * * LOW HITPOINT WARNING * * *
You feel sick.
You die...

#....#.######.#
#########.#......#
#......†..#.######
#.........#.#
#.........#.#
#.........#.#
+...).....#.#
#...†....##.#
####@.....#.#
#[........##.#.#
#............#.#
..........####.#
...............#
.......######†##
..####.#### #.# ..
......###.#
##..#..##.####


There were no monsters in sight!

Vanquished Creatures
  A giant cockroach (D:1)
  2 goblins (D:1)
  A hobgoblin (D:1)
  2 frilled lizards (D:1)
6 creatures vanquished.

Notes
Turn   | Place    | Note
-------+----------+-------------------------------------------
     0 | D:1      | avis the Hill Orc Monk began the quest for the Orb.
     0 | D:1      | Reached XP level 1. HP: 19/19 MP: 1/1
   150 | D:1      | Reached XP level 2. HP: 9/27 MP: 2/2
   155 | D:1      | HP: 1/27 [poisoned by a goblin]
   156 | D:1      | Succumbed to a goblin's poison

Illustrated notes

Levels and vault maps discovered:
D:1:      scummos_arrival_star, layout_basic,
          hellmonk_ecumenical_altar_arch_garden

Action                   || total
-------------------------++-------
Melee: Hand axe          ||    16
 Stab: Sleeping          ||     1
Armor: Robe              ||     3
Dodge: Dodged            ||     5

Table legend: (Time is in decaauts)
 A = Elapsed time spent in this place.
 B = Non-inter-level travel time spent in this place.
 C = Inter-level travel time spent in this place.
 D = Time resting spent in this place.
 E = Time spent auto-exploring this place.
 F = Levels seen in this place.
 G = Mean time per level.
                   A        B        C        D        E       F      G
               +--------+--------+--------+--------+--------+-----+--------+
         Total |    157 |    157 |      0 |     63 |      8 |   1 |  157.0 |
       Dungeon |    157 |    157 |      0 |     63 |      8 |   1 |  157.0 |
               +--------+--------+--------+--------+--------+-----+--------+

Top non-repeatable levels by time:
     D:1: 157 daAuts
